AoeStats
← danjo

Arena

504991652Analyzed
2v2 RM · 24d ago on Sep 7, 2026· 44m 43s· 4 players
Game mode
Random Map
Map size
Medium (4 player)
Population
200
Speed
Normal
Resources
Standard
Victory
Conquest
Starting age
Dark Age
Ending age
Imperial Age
RankedLock teamsTeams togetherTeam positionsShared explorationLock speedFull tech treeHidden civsTurbo modeCheats
Victory
Defeat
🇨🇳 Cumans · China
1177
+16
🇨🇳 Turks · China
1172
+16
🇩🇪 Bohemians · Germany
1207
-17
🇩🇪 Malians · Germany
1154
-15
666
11:38 Feudal Age
13:47 Gold Mining
13:45 Double-Bit Axe
16:31 Castle Age
21:06 Imperial Age
22:30 Loom
29:45 Wheelbarrow
37:36 Ballistics
39:32 Hand Cart
42:33 Bloodlines
43:21 Husbandry
43:36 Forging
43:31 Scale Barding Armor
44:51 Gold Shaft Mining
44:29 Bow Saw
888
6:51 Loom
9:04 Feudal Age
10:46 Wheelbarrow
10:51 Double-Bit Axe
14:00 Horse Collar
21:09 Castle Age
19:15 Gold Mining
21:57 Bloodlines
22:09 Scale Barding Armor
22:14 Forging
24:05 Hand Cart
24:31 Gold Shaft Mining
25:39 Bow Saw
25:31 Heavy Plow
28:11 Thumb Ring
29:19 Chain Barding Armor
29:35 Iron Casting
29:44 Fletching
29:55 Padded Archer Armor
29:58 Light Cavalry
31:25 Steppe Husbandry
31:49 Bodkin Arrow
33:05 Ballistics
35:55 Imperial Age
34:13 Masonry
37:09 Parthian Tactics
36:14 Hussar
Hogan88
10:28 Feudal Age
11:44 Loom
14:30 Castle Age
13:00 Horse Collar
14:08 Double-Bit Axe
16:04 Bow Saw
20:33 Heavy Plow
24:19 Wheelbarrow
23:31 Town Watch
24:45 Pikeman
25:26 Squires
25:34 Arson
26:14 Scale Mail Armor
26:24 Forging
31:54 Imperial Age
29:42 Chain Mail Armor
30:03 Iron Casting
30:42 Fletching
32:13 Chemistry
31:33 Ballistics
35:09 Houfnice
36:08 Bodkin Arrow
37:05 Conscription
43:04 Bracer
43:36 Plate Mail Armor
44:06 Blast Furnace
danjo
11:23 Feudal Age
15:29 Castle Age
13:58 Loom
14:43 Stone Mining
17:28 Fletching
24:04 Scale Mail Armor
24:15 Forging
36:53 Imperial Age
36:13 Padded Archer Armor
36:03 Elite Skirmisher
43:54 Pikeman
44:51 Chain Mail Armor
Connection lost

Rejoining the realm…

Still unreachable

The connection could not be restored.

Session expired

The server has moved on; the page needs a fresh start.